 Dungeon Crawl Stone Soup version bcrawl-1.35.4b (webtiles) character file.

Game seed: 6599155770509279740

99686 Dulis131 the Skirmisher (level 2, -7/26 HPs)
             Began as a Ghoul Fighter on Jan 30, 2022.
             Killed from afar by a crimson imp (8 damage)
             ... with a flame tongue
             ... on level 1 of the Dungeon.
             The game lasted 00:01:47 (683 turns).

Dulis131 the Skirmisher (Ghoul Fighter)              Turns: 683, Time: 00:01:47

Health: -7/26      AC:  6    Str: 19    XL:     2   Next: 62%
Magic:  1/1        EV:  5    Int:  3    God:
Gold:   102        SH:  8    Dex:  8    Spells: 1/1 levels left

rFire    . . .     SeeInvis .     - Claws (9.9)
rCold    + . .     Gourm    .   b - +0 medium shield
rNeg     + + +     Faith    .   a - +0 scale mail
rPois    ∞         Spirit   .   (no helmet)
rElec    .         Reflect  .   (no cloak)
rCorr    .                      (no gloves)
MR       .....                  (no boots)
Stlth    ..........             (no amulet)
HPRegen  0.00/turn              (no ring)
MPRegen  0.07/turn              (no ring)

@: rotting
A: rotting body, claws 1, carnivore, cold resistance 1, negative energy
resistance 3, inhibited regeneration, torment resistance, unbreathing
a: no special abilities


You were on level 1 of the Dungeon.
You were hungry.

You visited 1 branch of the dungeon, and saw 2 of its levels.

You collected 102 gold pieces.

Inventory:

Armour
 a - a +0 scale mail (worn)
 b - a +0 medium shield (worn)
 h - a +0 pair of gloves
Scrolls
 f - a scroll of remove curse {unknown}
 i - 2 scrolls of identify
 j - a scroll of teleportation {unknown}
 k - a scroll of blinking {unknown}
Potions
 c - a potion of might
 g - a potion of heal wounds {unknown}
Comestibles
 d - a chunk of flesh
 e - 3 rations {!d}


   Skills:
 + Level 3.5 Fighting
 + Level 2.9 Armour
 + Level 3.0 Shields
 + Level 2.5 Unarmed Combat


You had one spell level left.
You didn't know any spells.
Your spell library was empty.

Dungeon Overview and Level Annotations

Branches:
Dungeon (2/12)

Altars:


Innate Abilities, Weirdness & Mutations

Your body is rotting away.
You thrive on raw meat.
You are immune to poison.
You have sharp fingernails.
You are carnivorous and can eat meat at any time.
Your flesh is cold resistant. (rC+)
You are immune to negative energy. (rN+++)
You do not regenerate when monsters are visible.
You are immune to unholy pain and torment.
You can survive without breathing.


Message History

You scratch the crimson imp but do no damage.
The crimson imp hits you but does no damage.
You scratch the crimson imp but do no damage.
The crimson imp hits you but does no damage.
You scratch the crimson imp.
The crimson imp is lightly wounded.
The crimson imp hits you.
* * * LOW HITPOINT WARNING * * *
You block the crimson imp's attack. The crimson imp barely misses you.
You see here 67 stones.
There is a stone staircase leading up here.
The crimson imp hits you.
* * * LOW HITPOINT WARNING * * *
You climb upwards.
There is a stone staircase leading down here.
You miss the crimson imp. The crimson imp breathes fire at you.
The flame tongue hits you!
You die...

#....###..........
#....'....#.###...
#########...###..#.# #.#.
#......##.....#..#.# #.#.
#.####.###+##.#..#.###.#.
#.# #.)....#.#........#.
#.# #.#...........#####.
##.######.#..#..........#.
#.......5@................
#########.#.....#.#####.#.
#.#.....#.# #.#.
#.#.....#.#####.#.
#.................
#.........#####.#.
#.......### #.#.
#........######.#.
#.#.............#.


You could see a crimson imp.

Vanquished Creatures
  An ooze (D:1)
  A bat (D:1)
  A giant cockroach (D:1)
  A goblin (D:1)
  3 hobgoblins (D:1)
  2 frilled lizards (D:1)
  3 kobolds (D:1)
  2 rats
14 creatures vanquished.

Notes
Turn   | Place    | Note
-------+----------+-------------------------------------------
     0 | D:1      | Dulis131 the Ghoul Fighter began the quest for the Orb.
     0 | D:1      | Reached XP level 1. HP: 19/19 MP: 0/0
   211 | D:1      | Reached XP level 2. HP: 22/26 MP: 1/1
   653 | D:2      | Noticed a crimson imp
   681 | D:2      | HP: 1/26 [crimson imp (2)]
   683 | D:1      | Killed from afar by a crimson imp

Skill      XL: |  1  2 |
---------------+-------+-----
Shields        | 3 |  3.0
Fighting       | |  3.5
Armour         | |  2.9
Unarmed Combat | |  2.5

Action                   || total
-------------------------++-------
Melee: Unarmed           ||    54
Armor: Scale mail        ||    23
Dodge: Dodged            ||    13
Block: Medium shield     ||    20
